 Dungeon Crawl Stone Soup version 0.28-a0-1312-g71652a0310 (webtiles) character file.

Game seed: 14576749710265917828

220644 gimp the Peltast (level 17, -8/138 HPs)
             Began as a Demigod Wanderer on Dec 27, 2021.
             Mangled by a meliai (14 damage)
             ... on level 2 of the Spider Nest on Dec 28, 2021.
             The game lasted 02:27:10 (71353 turns).

gimp the Peltast (Demigod Wanderer)                Turns: 71353, Time: 02:27:11

Health: -8/138     AC: 20    Str: 18 (20) XL:     17   Next: 85%
Magic:  0/35       EV: 17    Int: 18 (19) God:
Gold:   3075       SH: 20    Dex: 25      Spells: 15/34 levels left

rFire   + + .      SeeInvis +   a - +2 flail (venom)
rCold   + + .      Faith    .   r - +0 kite shield {reflect}
rNeg    + + +      Spirit   .   V - +0 fire dragon scales
rPois   +          Reflect  +   M - +2 helmet of Indecent Exposure {Slay+3 Stlth+}
rElec   +          Harm     .   R - +0 cloak
rCorr   +          Rampage  .   p - +1 pair of gloves
Will    +....                   i - +1 pair of boots of Mithuk {rC++ rN++ Str-2}
Stlth   ++++......              P - amulet of Vevoth {Reflect rElec rN+ rCorr SH+5}
HPRegen 0.33/turn               z - ring of Ynizy {rPois rC+ rN++ Str+4 Stlth-}
MPRegen 0.24/turn               k - ring "Zonin" {Fly rN+ Dex+2 Stlth+}

@: lethally poisoned (-8 -> -10), flying, studying Stealth
A: high mp 1, forlorn, divine attributes, see invisible, sturdy frame 1
}: 1/15 runes: barnacled
a: no special abilities


You were on level 2 of the Spider Nest.
You visited 6 branches of the dungeon, and saw 31 of its levels.
You visited the Abyss 1 time.
You also visited: Bailey, Gauntlet and Wizlab.

You collected 3607 gold pieces.
You spent 532 gold pieces at shops.

Inventory:

Hand Weapons
 a - a +2 flail of venom (weapon)
 b - a +1 vorpal morningstar
Missiles
 f - 10 throwing nets
 l - 119 poisoned darts (quivered)
 X - a curare-tipped dart
Armour
 i - the +1 pair of boots of Mithuk (worn) {rC++ rN++ Str-2}
   (You acquired it on level 3 of the Dungeon)

   Str:       It affects your strength (-2).
   rC:        It greatly protects you from cold.
   rN:        It greatly protects you from negative energy.
 p - a +1 pair of gloves (worn)
 r - a +0 kite shield of reflection (worn)
 M - the +2 helmet of Indecent Exposure (worn) {Slay+3 Stlth+}
   (You found it in a Gauntlet)

   Slay:      It affects your accuracy & damage with ranged weapons and melee
   (+3).
   Stlth:     It makes you more stealthy.
 R - a +0 cloak (worn)
 V - +0 fire dragon scales (worn)
Jewellery
 k - the ring "Zonin" (right hand) {Fly rN+ Dex+2 Stlth+}
   (You found it on level 5 of the Dungeon)

   [ring of flight]

   Dex:       It affects your dexterity (+2).
   rN:        It protects you from negative energy.
   Fly:       It grants you flight.
   Stlth:     It makes you more stealthy.
 z - the ring of Ynizy (left hand) {rPois rC+ rN++ Str+4 Stlth-}
   (You found it on level 3 of the Lair of Beasts)

   [ring of protection from cold]

   Str:       It affects your strength (+4).
   rC:        It protects you from cold.
   rPois:     It protects you from poison.
   rN:        It greatly protects you from negative energy.
   Stlth:     It makes you less stealthy.
 K - a ring of wizardry
 P - the amulet of Vevoth (around neck) {Reflect rElec rN+ rCorr SH+5}
   (You took it off a merfolk on level 4 of the Shoals)

   [amulet of reflection]

   It reflects blocked missile attacks.
   rElec:     It insulates you from electricity.
   rN:        It protects you from negative energy.
   rCorr:     It protects you from acid and corrosion.
   SH:        It affects your SH (+5).
Wands
 e - a wand of mindburst (6)
 q - a wand of paralysis (5)
 x - a wand of acid (3)
 B - a wand of digging (32)
 U - a wand of flame (19)
Scrolls
 d - 5 scrolls of immolation
 h - 3 scrolls of amnesia
 j - 4 scrolls of blinking
 o - a scroll of brand weapon
 v - 7 scrolls of enchant weapon
 w - 4 scrolls of enchant armour
 y - 8 scrolls of teleportation
 D - 4 scrolls of vulnerability
 E - 5 scrolls of holy word
 G - 2 scrolls of fog
 H - a scroll of summoning
 J - 3 scrolls of magic mapping
 T - 5 scrolls of fear
Potions
 n - a potion of magic
 s - 4 potions of ambrosia
 A - 8 potions of brilliance
 C - a potion of cancellation
 F - 3 potions of mutation
 L - 2 potions of might
 Q - 12 potions of curing
 S - 2 potions of berserk rage
 W - 2 potions of resistance
Miscellaneous
 c - a phantom mirror (inert)
 t - a condenser vane (inert)
 O - a box of beasts (inert)
 Y - a lightning rod (4/4)
 Z - a phial of floods (inert)


   Skills:
 - Level 9.5 Fighting
 - Level 10.0 Short Blades
 * Level 10.6 Maces & Flails
 - Level 6.0 Throwing
 - Level 9.0 Armour
 + Level 8.3 Dodging
 - Level 6.0 Stealth
 - Level 15.0 Shields
 - Level 9.2 Spellcasting
 - Level 8.0 Conjurations
 - Level 4.2 Hexes
 - Level 10.0 Air Magic
 - Level 7.6 Evocations


You had 15 spell levels left.
You knew the following spells:

 Your Spells              Type           Power      Damage    Failure   Level
a - Static Discharge      Conj/Air       40%        N/A       1%          2
b - Lightning Bolt        Conj/Air       20%        1d35      13%         5
c - Silence               Hex/Air        17%        N/A       28%         5
d - Animate Armour        Summ/Erth      16%        N/A       88%         4
e - Stone Arrow           Conj/Erth      44%        3d9       11%         3

Your spell library contained the following spells:

 Spells                   Type           Power      Damage    Failure   Level
 Shock                    Conj/Air       100%       1d9       1%          1
 Swiftness                Air            44%        N/A       1%          3
 Airstrike                Air            22%        N/A       3%          4
 Dazzling Flash           Conj/Hex       60%        N/A       4%          3
 Mephitic Cloud           Conj/Pois/Air  29%        N/A       4%          3
 Ensorcelled Hibernation  Hex/Ice        32%        N/A       12%         2
 Animate Skeleton         Necr           16%        N/A       19%         1
 Apportation              Tloc           16%        N/A       19%         1
 Pain                     Necr           32%        1d5       19%         1
 Summon Small Mammal      Summ           32%        N/A       19%         1
 Blink                    Tloc           16%        N/A       28%         2
 Freezing Cloud           Conj/Ice/Air   14%        6-21      41%         5
 Gell's Gravitas          Tloc           8%         N/A       50%         3
 Ignite Poison            Fire/Tmut/Pois 8%         N/A       50%         3
 Spider Form              Tmut/Pois      8%         N/A       50%         3
 Teleport Other           Tloc           8%         N/A       50%         3
 Animate Dead             Necr           4%         N/A       88%         4
 Passage of Golubria      Tloc           8%         N/A       88%         4
 Summon Mana Viper        Hex/Summ       16%        N/A       91%         5
 Agony                    Necr           8%         N/A       99%         5
 Excruciating Wounds      Necr           4%         N/A       99%         5
 Manifold Assault         Tloc           8%         N/A       99%         5
 Summon Forest            Summ/Tloc      4%         N/A       99%         5
 Dispersal                Tloc           4%         N/A       100%        6
 Summon Cactus Giant      Summ           4%         N/A       100%        6
 Haunt                    Necr/Summ      4%         N/A       100%        7
 Storm Form               Tmut/Air       13%        N/A       100%        7
 Disjunction              Tloc           4%         N/A       100%        8
 Infestation              Necr           4%         N/A       100%        8
 Lehudib's Crystal Spear  Conj/Erth      11%        10d4      100%        8
 Maxwell's Capacitive Co  Air            22%        ∞         100%        8


Dungeon Overview and Level Annotations

Branches:
Dungeon (15/15)            Temple (0/1) D:7            Lair (6/6) D:9
 Shoals (4/4) Lair:4       Spider (3/4) Lair:4        Slime (0/5) Lair:5
    Orc (2/2) D:10            Elf (0/3) Orc:2        Vaults (1/5) D:13
 Depths (0/4) D:15         Bailey (visited)          WizLab (visited)
Gauntlet (visited)

Shops:
D:2 *   D:4 **   D:5 =   D:7 =   Orc:2 =:*[

Portals:
Abyss: Orc:1
Trove: D:10 (give amulet of the Invisible Hand)

Annotations:
D:10 exclusion: orange crystal statue
Lair:1 freelancePsychic's ghost, journeyman TeCj
Lair:4 Mlioglotl
Shoals:1 Adrian566's ghost, journeyman TrFi
Orc:1 1 transporter, SirDiesAlot's ghost, adept MiDe


Innate Abilities, Weirdness & Mutations

You have an increased reservoir of magic. (+10% MP)
You shall have no god before yourself.
Your divine heritage dramatically boosts your attributes as you level up.
You have supernaturally acute eyesight. (SInv)
Your movements are slightly less encumbered by armour. (ER -2)


Message History

The meliai completely misses you.
You take 17 damage, and have 20/138 hp.
You feel much better.
You feel sick. The meliai barely misses you. You block the meliai's attack.
The meliai hits you but does no damage. The meliai stings you.
* * * LOW HITPOINT WARNING * * *
The ghost moth hits you!
* * * LOW HITPOINT WARNING * * *
You feel weakened. The ghost moth hits you!
* * * LOW HITPOINT WARNING * * *
The ghost moth closely misses you. You block the meliai's attack.
The meliai stings you.
* * * LOW HITPOINT WARNING * * *
The meliai hits you with a +0 war axe!
* * * LOW HITPOINT WARNING * * *
You block the meliai's attack.
You take 18 damage, and have 2/138 hp.
You feel much better.
You feel sick. You block the meliai's attack. x2
The meliai hits you but does no damage. The meliai misses you.
The ghost moth barely misses you. The ghost moth hits you.
* * * LOW HITPOINT WARNING * * *
The ghost moth stings you!
* * * LOW HITPOINT WARNING * * *
You feel dopey. The meliai completely misses you.
The meliai stings you but does no damage.
The meliai hits you with a +0 war axe!
* * * LOW HITPOINT WARNING * * *
You block the meliai's attack.
Your juvenile shocksting beast stings the meliai from afar.
You feel much better.
You feel sick. You block the meliai's attack. x2
The meliai barely misses you.
The meliai stings you but does no damage.
The ghost moth stares at you.
You feel your power leaking away. You block the ghost moth's attack.
The ghost moth hits you!!
* * * LOW HITPOINT WARNING * * *
The ghost moth closely misses you. The meliai hits you with a +0 war axe!
You die...

#^....## ## #......# ##
#.....## ##. #...### ##..
##.## ###^.. #.# ####
#.....
#########..##########....
#.##....H................
##.....y@....########....
#.#...yy....## #....
###....[.....### ##...
#............## #...
#^..^.........# #...
#.............## ##.#
#.........^....## ###
#...............#
#...............##


You could see a ghost moth (invisible), 2 meliai and a friendly juvenile
shocksting beast (summoned).

Vanquished Creatures
  Jorgrun (Orc:1)
  A titan (Shoals:2)
  Polyphemus (Shoals:3)
  Gastronok (Lair:2)
  A storm dragon (Shoals:4)
  Kirke (Spider:2)
  Donald (Shoals:3)
  Ilsuiw (Shoals:2)
  2 ghost moths
  Louise (Shoals:2)
  Aizul (Spider:2)
  A caustic shrike zombie (D:15)
  2 orc warlords
  A juggernaut zombie (D:15)
  A stone giant (D:14)
  A broodmother (Spider:1)
  2 minotaurs
  2 ironbound thunderhulks (Vaults:1)
  2 entropy weavers
  A dire elephant (Lair:5)
  4 merfolk javelineers
  11 merfolk impalers
  A fire dragon (Lair:6)
  A great orb of eyes (Vaults:1)
  Harold (D:8)
  A vault guard (D:10)
  A jorogumo (Spider:1)
  3 merfolk avatars
  6 hydras
  The ghost of swinepaste the Martial Artist, a journeyman DgTm (Lair:3)
  An ogre mage (D:13)
  3 catoblepae
  5 boulder beetles
  12 centaur warriors
  4 merfolk aquamancers (Shoals:4)
  2 death knights (D:14)
  Erica (D:9)
  5 two-headed ogres
  A vampire mage (D:14)
  An alligator snapping turtle (Shoals:3)
  A dancing weapon (Shoals:1)
  A tengu warrior (D:14)
  10 death yaks
  Urug (D:12)
  3 deep trolls
  2 skeletal warriors
  Nergalle (Lair:1)
  2 fire crabs (Lair:5)
  A golden dragon zombie (D:15)
  8 sea snakes
  5 orb spiders
  2 lindwurms (Lair:6)
  A swamp dragon (Lair:6)
  A necromancer (D:15)
  2 ironbound convokers (Vaults:1)
  17 harpies
  An orc sorcerer (D:10)
  A deep elf archer (D:13)
  5 orc knights
  A harpy (shapeshifter) (D:13)
  8 manticores
  A phantasmal warrior (D:13)
  A deep elf zephyrmancer (D:13)
  3 wolf spiders (Spider:1)
  3 oklob plants (Lair:2)
  10 deep elf pyromancers
  3 fauns (Shoals:2)
  A worldbinder (Orc:1)
  19 ugly things
  9 cyclopes
  A salamander (shapeshifter) (D:9)
  A moth of wrath (Spider:2)
  Maurice (D:12)
  4 molten gargoyles (D:14)
  21 elephants
  3 black mambas
  10 water nymphs
  8 merfolk sirens
  5 torpor snails
  4 centaur skeletons (D:13)
  6 gargoyles
  A cane toad (shapeshifter) (D:14)
  2 smoke demons
  A minotaur zombie (Gauntlet)
  6 cane toads
  An unseen horror (D:12)
  4 rime drakes
  3 kobold demonologists
  A demonic crawler (Spider:2)
  8 komodo dragons
  6 yaktaurs
  A freezing wraith (D:13)
  2 tengu conjurers
  A guardian mummy (D:14)
  An ancient zyme (Orc:1)
  3 harpy zombies (Shoals:3)
  22 merfolk
  A troll (shapeshifter) (D:9)
  15 wind drakes
  13 meliai
  12 polar bears
  4 trolls
  5 raiju
  10 tarantellas
  A hornet (shapeshifter) (D:14)
  5 snapping turtles
  5 hornets
  16 slime creatures
  Grinder (D:4)
  3 blink frogs (Lair:4)
  7 dream sheep
  23 jumping spiders
  7 wyverns
  A centaur simulacrum (D:14)
  A spriggan skeleton (D:15)
  7 air elementals
  7 culicivoras
  3 shadows
  18 water elementals
  2 hogs (Spider:2)
  The ghost of enile the Skirmisher, an amateur HOMo (D:5)
  2 wraiths
  A human (shapeshifter) (D:14)
  9 basilisks
  56 yaks
  4 vampire mosquitoes
  A redback simulacrum (D:15)
  36 redbacks
  5 steam dragons
  10 wargs
  3 acid dragons
  12 hell hounds (Lair:6)
  Duvessa (D:6)
  14 water moccasins
  A swamp drake (Lair:6)
  18 black bears
  2 black bears (shapeshifter)
  3 manticore zombies (Shoals:3)
  35 orc warriors
  5 ogres
  A necrophage (D:4)
  31 wolves
  33 centaurs
  3 phantoms
  8 kobold brigands
  10 bullfrogs
  A water moccasin zombie (D:6)
  A gnoll sergeant (D:11)
  2 scorpions
  2 water moccasin skeletons (D:5)
  Dowan (D:6)
  A troll zombie (D:10)
  8 killer bees
  4 wights (D:10)
  3 howler monkeys
  5 electric eels
  2 centaur zombies
  3 crimson imps (Gauntlet)
  A bullfrog zombie (D:5)
  2 bullfrog skeletons
  2 hounds
  3 jellies
  9 orc priests
  Jessica (D:2)
  5 iguanas
  2 hell rats (Lair:5)
  17 orc wizards
  2 killer bee zombies
  5 ogre zombies (D:10)
  A hound zombie (D:5)
  14 gnolls
  7 adders
  A howler monkey skeleton (D:5)
  A shadow imp (D:6)
  3 white imps
  3 ufetubi
  3 dart slugs
  49 orcs
  4 endoplasms
  8 giant cockroaches
  10 hobgoblins
  2 quokkas
  7 ball pythons
  4 bats
  2 frilled lizards (D:2)
  17 goblins
  2 goblin zombies (D:10)
  4 hobgoblin zombies (D:10)
  30 kobolds
  2 orc skeletons (D:10)
  11 orc zombies (D:10)
  5 rats
1085 creatures vanquished.

Vanquished Creatures (collateral kills)
  Asterion (Spider:2)
  An entropy weaver (Spider:1)
  A deep troll earth mage (D:13)
  A sea snake (Shoals:2)
  A culicivora (Spider:1)
5 creatures vanquished.

Vanquished Creatures (others)
  A hydra (Lair:1)
  A tengu conjurer (D:13)
  A tarantella (Spider:1)
  A water elemental (Shoals:4)
  A bullfrog (Lair:1)
  2 iguanas (Lair:6)
  28 fungi
  103 plants
  2 starspawn tentacles (Abyss:1)
  5 withered plants (D:15)
145 creatures vanquished.

Grand Total: 1235 creatures vanquished

Notes
Turn   | Place    | Note
-------+----------+-------------------------------------------
     0 | D:1      | gimp the Demigod Wanderer began the quest for the Orb.
     0 | D:1      | gimp set off with the following items: a +0 mace, a +2
                  | leather armour, a +0 buckler
     0 | D:1      | Reached XP level 1. HP: 14/14 MP: 4/4
     1 | D:1      | You fall into a shaft and drop 1 floor!
    24 | D:1      | Reached skill level 2 in Shields
   665 | D:1      | Reached XP level 2. HP: 20/20 MP: 5/5
  1205 | D:2      | Reached skill level 3 in Shields
  1411 | D:2      | Reached XP level 3. HP: 26/26 MP: 6/6
  1538 | D:2      | Found Taorphem's Assorted Antiques.
  1588 | D:2      | Noticed Jessica
  1600 | D:2      | Killed Jessica
  2050 | D:2      | Reached skill level 4 in Shields
  2334 | D:3      | Reached XP level 4. HP: 24/34 MP: 2/8
  2471 | D:3      | Reached skill level 1 in Fighting
  2938 | D:4      | Found Xophel's Assorted Antiques.
  2968 | D:3      | Reached skill level 1 in Stealth
  3695 | D:4      | Noticed Grinder
  3913 | D:3      | Reached XP level 5. HP: 15/42 MP: 3/9
  4924 | D:3      | Identified a scroll of acquirement
  4925 | D:3      | Acquired the +1 pair of boots of Mithuk {rC++ rN++ Str-2}
  5099 | D:4      | Reached skill level 1 in Short Blades
  5447 | D:4      | Found Gozag's Platinum Reserve.
  5536 | D:4      | Reached XP level 6. HP: 40/51 MP: 3/10
  5705 | D:5      | Entered Level 5 of the Dungeon
  5757 | D:4      | Reached skill level 1 in Throwing
  6107 | D:5      | Reached XP level 7. HP: 54/57 MP: 3/11
  6255 | D:5      | Identified the ring "Zonin" {Fly rN+ Dex+2 Stlth+}
  6331 | D:5      | Found Ruskyck's Jewellery Emporium.
  6510 | D:5      | Found a runed translucent gate.
  6512 | D:5      | Found a runed translucent gate.
  6512 | D:5      | Found a runed translucent gate.
  6640 | D:5      | Noticed enile's ghost (amateur HOMo)
  6816 | D:5      | Identified the +5 broad axe "Dearonap" {vorpal, Str+5
                  | Int+6}
  7070 | D:6      | Noticed a yak
  7070 | D:6      | Noticed a yak
  7072 | D:6      | Noticed a yak
  7072 | D:6      | Noticed a yak
  7148 | D:6      | Noticed Duvessa
  7148 | D:6      | Noticed Dowan
  7174 | D:5      | Reached skill level 5 in Short Blades
  7615 | D:6      | Reached XP level 8. HP: 63/63 MP: 12/12
  7922 | D:6      | Reached skill level 5 in Throwing
  8141 | D:6      | Killed Dowan
  8155 | D:6      | Killed Duvessa
  8156 | D:6      | Reached XP level 9. HP: 64/69 MP: 13/13
  9091 | D:7      | Found a staircase to the Ecumenical Temple.
  9574 | D:7      | Found Ruthuoro's Jewellery Boutique.
  9952 | D:8      | Found a flagged portal.
  9963 | D:8      | Reached skill level 5 in Dodging
 10122 | Bailey   | Entered a bailey
 10127 | Bailey   | Noticed an orc warlord
 10450 | Bailey   | Found a runed translucent gate.
 10452 | Bailey   | Found a runed translucent gate.
 10454 | Bailey   | Found a runed translucent gate.
 10489 | Bailey   | Reached XP level 10. HP: 91/91 MP: 17/17
 10675 | Bailey   | Killed an orc warlord
 10884 | Bailey   | Reached XP level 11. HP: 97/97 MP: 18/18
 11058 | D:8      | Paralysed by a hornet for 3 turns
 11064 | D:8      | Reached skill level 10 in Short Blades
 12177 | D:9      | Noticed Erica
 12265 | D:9      | Noticed Harold
 12287 | D:8      | Killed Harold
 12288 | D:8      | Reached XP level 12. HP: 77/105 MP: 20/20
 12447 | D:9      | Killed Erica
 12724 | D:9      | Found a staircase to the Lair.
 13544 | D:10     | Entered Level 10 of the Dungeon
 13688 | D:10     | Noticed a vault guard
 13836 | D:10     | Paralysed by a hornet for 1 turns
 14309 | D:10     | Found a staircase to the Orcish Mines.
 14870 | D:10     | Paralysed by an orc sorcerer for 2 turns
 16199 | D:11     | Reached skill level 5 in Maces & Flails
 16213 | D:11     | Reached skill level 5 in Stealth
 16261 | D:11     | Noticed a centaur warrior
 16277 | D:11     | Killed a centaur warrior
 16278 | D:11     | Reached skill level 5 in Spellcasting
 17232 | D:12     | Noticed Maurice
 17244 | D:12     | Killed Maurice
 17516 | D:12     | Learned a level 2 spell: Static Discharge
 17522 | D:12     | Learned a level 5 spell: Lightning Bolt
 17884 | D:12     | Reached skill level 1 in Air Magic
 17938 | D:12     | Noticed Urug
 18018 | D:12     | Killed Urug
 18221 | Lair:1   | Entered Level 1 of the Lair of Beasts
 18221 | Lair:1   | Found a gate leading to a gauntlet.
 18249 | Gauntlet | Entered a Gauntlet
 18249 | Gauntlet | Found a transporter.
 18249 | Gauntlet | Found a transporter.
 18264 | Gauntlet | Found a transporter.
 18269 | Gauntlet | Found a transporter.
 18277 | Gauntlet | Found a transporter.
 18281 | Gauntlet | Found a transporter.
 18287 | Gauntlet | Noticed a catoblepas
 18292 | Gauntlet | Found a transporter.
 18305 | Gauntlet | Found a transporter.
 18319 | Gauntlet | Found a transporter.
 18323 | Gauntlet | Found a transporter.
 18332 | Gauntlet | Found a transporter.
 18335 | Gauntlet | Found a transporter.
 18509 | Gauntlet | Reached XP level 13. HP: 80/111 MP: 25/25
 18763 | Gauntlet | Gained mutation: You are clumsy. (Dex -2) [potion of
                  | mutation]
 18763 | Gauntlet | Gained mutation: You tend to lose your temper in combat.
                  | [potion of mutation]
 18763 | Gauntlet | Gained mutation: Your movements are slightly less
                  | encumbered by armour. (ER -2) [potion of mutation]
 18768 | Gauntlet | Identified the amulet "Keapaagu" {Reflect rElec SH+5}
 18773 | Gauntlet | Identified the +2 helmet of Indecent Exposure {Slay+3
                  | Stlth+}
 18941 | Gauntlet | Noticed a minotaur
 18957 | Gauntlet | Killed a minotaur
 19251 | Lair:1   | Found a transporter.
 19251 | Lair:1   | Noticed freelancePsychic's ghost (journeyman TeCj)
 19255 | Lair:1   | Found a transporter.
 19613 | Lair:1   | Noticed Nergalle
 19646 | Lair:1   | Killed Nergalle
 20592 | Lair:2   | Reached skill level 5 in Shields
 20795 | Lair:2   | Noticed Gastronok
 20976 | Lair:2   | Killed Gastronok
 21317 | Lair:2   | Identified the +0 robe of Day {Dex+4 Stlth+}
 21558 | Lair:3   | Found a runed translucent gate.
 21559 | Lair:3   | Found a runed translucent gate.
 21744 | Lair:3   | Noticed a minotaur
 21749 | Lair:3   | Noticed swinepaste's ghost (journeyman DgTm)
 21806 | Lair:3   | Found a runed translucent gate.
 21867 | Lair:3   | Identified the ring of Ynizy {rPois rC+ rN++ Str+4 Stlth-}
 22301 | Lair:4   | You fall into a shaft and drop 1 floor!
 22316 | Lair:4   | Found a staircase to the Shoals.
 22350 | Lair:4   | Learned a level 5 spell: Silence
 22524 | Lair:4   | Reached skill level 6 in Shields
 22849 | Lair:4   | Found a hole to the Spider Nest.
 22877 | Lair:4   | Reached skill level 5 in Air Magic
 23186 | Lair:4   | Lost mutation: You are clumsy. (Dex -2) [potion of
                  | mutation]
 23186 | Lair:4   | Lost mutation: You tend to lose your temper in combat.
                  | [potion of mutation]
 23186 | Lair:4   | Gained mutation: You have supernaturally acute eyesight.
                  | (SInv) [potion of mutation]
 23305 | Lair:5   | Found a staircase to the Slime Pits.
 23415 | Lair:5   | Reached skill level 10 in Maces & Flails
 23825 | Lair:4   | Reached skill level 7 in Shields
 23825 | Lair:4   | Reached XP level 14. HP: 105/118 MP: 27/27
 24194 | Lair:5   | Reached skill level 1 in Conjurations
 24706 | Lair:6   | Entered Level 6 of the Lair of Beasts
 25140 | Lair:6   | Reached skill level 8 in Shields
 25456 | Lair:6   | Reached skill level 5 in Conjurations
 27284 | Orc:1    | Entered Level 1 of the Orcish Mines
 27365 | Orc:1    | Noticed an orc warlord
 27781 | D:10     | Killed an orc warlord
 28261 | Orc:1    | Noticed SirDiesAlot's ghost (adept MiDe)
 28332 | Orc:1    | Found a transporter.
 28463 | Orc:1    | Found a transporter.
 28612 | Orc:2    | Entered Level 2 of the Orcish Mines
 28629 | Orc:2    | Noticed Jorgrun
 29237 | Orc:1    | Killed Jorgrun
 29238 | Orc:1    | Reached skill level 9 in Shields
 30569 | Orc:2    | Reached XP level 15. HP: 92/125 MP: 28/28
 30713 | Orc:2    | Found a staircase to the Elven Halls.
 31077 | Orc:2    | Found Hiuzymnidi's General Store.
 31077 | Orc:2    | Found Xoohin's Book Boutique.
 31080 | Orc:2    | Found Goucopon's Jewellery Shop.
 31082 | Orc:2    | Found Boalap Sithi's Armour Shoppe.
 31480 | Orc:2    | Bought a book of the Wilderness for 532 gold pieces
 31946 | D:10     | Found a portal to a secret trove of treasure.
 34216 | D:12     | Reached skill level 1 in Armour
 34216 | D:12     | Reached skill level 10 in Shields
 34364 | D:13     | Found a gate to the Vaults.
 35699 | D:13     | Identified the +6 rapier "Hell-Harrower" {flame, Fragile
                  | Fly rElec}
 36775 | D:14     | Reached skill level 10 in Air Magic
 38205 | D:14     | Identified the ring "Raqur" {*Slow rN+ Dex+4 SInv}
 38355 | D:14     | Reached skill level 11 in Shields
 39055 | D:15     | Entered Level 15 of the Dungeon
 39058 | D:15     | Found a staircase to the Depths.
 39480 | D:14     | Reached skill level 5 in Armour
 41590 | D:15     | Reached XP level 16. HP: 109/132 MP: 30/30
 41953 | D:15     | Learned a level 4 spell: Animate Armour
 43142 | Shoals:1 | Entered Level 1 of the Shoals
 43764 | Shoals:1 | Found a runed translucent door.
 43766 | Shoals:1 | Noticed Adrian566's ghost (journeyman TrFi)
 44034 | Shoals:1 | Reached skill level 12 in Shields
 45800 | Shoals:2 | Noticed a titan
 45931 | Shoals:2 | Killed a titan
 46539 | Shoals:3 | Identified the +8 mace of Disintegration {drain, +Blink
                  | Stlth+}
 46542 | Shoals:3 | Noticed Louise
 46966 | Shoals:2 | Killed Louise
 48728 | Shoals:3 | Noticed Ilsuiw
 49025 | Shoals:3 | Noticed Polyphemus
 49050 | Shoals:3 | Killed Polyphemus
 49097 | Shoals:2 | Reached skill level 13 in Shields
 50330 | Shoals:2 | Killed Ilsuiw
 51679 | Shoals:3 | Noticed Donald
 51694 | Shoals:3 | Killed Donald
 52962 | Shoals:4 | Entered Level 4 of the Shoals
 53217 | Shoals:4 | Paralysed by an air elemental for 1 turns
 53286 | Shoals:4 | Learned a level 3 spell: Stone Arrow
 54363 | Shoals:4 | Paralysed by an air elemental for 1 turns
 54537 | Shoals:4 | Paralysed by an air elemental for 1 turns
 54540 | Shoals:4 | Paralysed by an air elemental for 1 turns
 55002 | Shoals:4 | Paralysed by an air elemental for 1 turns
 55005 | Shoals:4 | Paralysed by an air elemental for 1 turns
 55807 | Shoals:4 | Reached skill level 14 in Shields
 56017 | Shoals:4 | Reached XP level 17. HP: 73/138 MP: 34/34
 59122 | Shoals:4 | Identified the amulet of Vevoth {Reflect rElec rN+ rCorr
                  | SH+5}
 59971 | Shoals:4 | Paralysed by an air elemental for 1 turns
 59981 | Shoals:4 | Paralysed by an air elemental for 1 turns
 59986 | Shoals:3 | Paralysed by an air elemental for 1 turns
 60610 | Shoals:4 | Got a barnacled rune of Zot
 61160 | Spider:1 | Entered Level 1 of the Spider Nest
 61775 | Spider:1 | Noticed Mlioglotl
 62011 | Orc:1    | Found a one-way gate to the infinite horrors of the Abyss.
 62058 | Orc:1    | Cast into level 1 of the Abyss (orc knight)
 62202 | Orc:1    | Escaped the Abyss
 63251 | D:4      | Killed Grinder
 63315 | D:5      | Killed enile's ghost
 63554 | D:10     | Identified the +0 scale mail "Xotubb" {rF- rN++ rCorr
                  | Str+3}
 63728 | Lair:1   | Reached skill level 1 in Hexes
 64418 | Lair:3   | Killed swinepaste's ghost
 64676 | Shoals:1 | Identified the +0 pair of boots of the Eight Boll Weevils
                  | {*Corrode Str-5 Dex+8 SInv}
 64966 | Vaults:1 | Entered Level 1 of the Vaults
 65276 | Vaults:1 | Found a magical portal.
 65328 | WizLab   | Entered Maxwell's Workshop
 65735 | Vaults:1 | Paralysed by a great orb of eyes for 5 turns
 65762 | Vaults:1 | Reached skill level 15 in Shields
 68915 | Lair:4   | Noticed a Hell Sentinel
 69462 | Spider:2 | Noticed Kirke
 69946 | Spider:2 | Killed Kirke
 70027 | Spider:2 | Noticed Asterion
 70052 | Spider:2 | Killed Asterion
 70741 | Spider:2 | Noticed Aizul
 70775 | Spider:2 | Killed Aizul
 71351 | Spider:2 | HP: 2/138 [meliai (8)]
 71353 | Spider:2 | Mangled by a meliai

Illustrated notes

Levels and vault maps discovered:
D:1:      sevenhm_arrival_forest_fort_small_4, layout_loops_corners,
          basic_ecumenical_altar, minmay_tromino_i2
D:2:      layout_basic, serial_shops, shop, uniq_jessica
D:3:      layout_loops_ring, pf_just_have_faith
D:4:      cheibrodos_thug_alley, layout_cave_pools, nicolae_ru_path_of_blood,
          nicolae_gozag_zags_fifth_avenue, serial_shops, shop,
          grunt_ministairs_4, hangedman_decor_peaks_small, uniq_grinder
D:5:      layout_cave_pods, serial_shops, nicolae_shop_hallway_stairs,
          gammafunk_ghost_necromancy
D:6:      layout_cave_pods, jmf_multi_god_temple,
          nicolae_dithmenos_through_a_glass_darkly, uniq_duvessa
D:7:      layout_basic, minmay_temple_entry_wispy, serial_shops, shop
D:8:      layout_loops_ring, enter_bailey_5
D:9:      minmay_cornered_nines, layout_gridville, lair_entry_dummy,
          minmay_misc_feat_columns, minmay_misc_feat_alley, uniq_harold,
          uniq_erica
D:10:     layout_loops_corners, zombieorc1_lemuel, enter_trove_5, hex_tiny,
          minmay_protected_statue
D:11:     layout_basic, minmay_misc_feat_ornament
D:12:     layout_irregular_city, nrook_mini_vaults, uniq_urug, uniq_maurice
D:13:     minmay_shrinking_squares, layout_irregular_city,
          hangedman_vaults_entry_quadrant_bands
D:14:     evilmike_diamond_2, layout_cave_pools, minivault_8
D:15:     gammafunk_depths_entry_grave, layout_rooms, serial_bayou_shore_b
Lair:1:   layout_chaotic_city, gammafunk_ghost_arena, gauntlet_entry_generic,
          uniq_nergalle
Lair:2:   dpeg_oklob_gauntlet, layout_misc_corridors, basic_altar,
          serial_bayou_lake_a, grunt_megastairs_4, serial_bayou_shore_b,
          uniq_gastronok
Lair:3:   layout_misc_corridors, maelrawn_ghost_gauntlet_escape
Lair:4:   layout_long_grid, minmay_shoals_entry_centaurs, spider_nest_entry_a,
          grunt_megastairs_2
Lair:5:   layout_roguey, minmay_slime_entry_pillars, nicolae_lair_lakeside_cave
Lair:6:   hangedman_lair_caniforms_friends, layout_misc_corridors,
          guppyfry_lair_end_dragon, infiniplex_staircase_pool_2
Shoals:1: layout_shoals, ebering_ghost_xom
Shoals:2: cheibrodos_shoals_gigantism, layout_shoals, nicolae_shoals_so_close
Shoals:3: layout_shoals, nicolae_shoals_undead_eyrie, uniq_louise, uniq_donald,
          uniq_ilsuiw, uniq_polyphemus
Shoals:4: shoals_end_hellmonk_storm_palace [storm_palace_center_ruins,
          storm_palace_corner_narrow, storm_palace_corner_narrow,
          storm_palace_corner_reverse_hut, storm_palace_corner_pillars],
          serial_shops
Spider:1: layout_spider_delve, uniq_mlioglotl
Spider:2: layout_cave_pods, uniq_asterion, uniq_kirke, uniq_aizul
Spider:3: layout_spider_delve, hangedman_spider_tarantella_strand
Orc:1:    layout_caves, gammafunk_ghost_abyssal_escape
Orc:2:    st_orc_rangers, layout_caves, uniq_jorgrun
Vaults:1: mu_enter_wizlab_2, vaults_room_fours, grunt_vaults_hallway_long,
          vaults_room_octagon, hangedman_vaults_maws,
          ontoclasm_vaults_decontamination,
          vaults_room_grunt_arrival_checkpoint, nicolae_vaults_specimen_jars,
          layout_vaults_big_room

Skill      XL: |  1  2  3  4  5  6  7  8  9 10 11 12 13 14 15 16 17 |
---------------+----------------------------------------------------+-----
Shields        | 2 3 4 7 9 11 14 15 | 15.0
Fighting       | 2 3 9 |  9.5
Stealth        | 1 2 6 |  6.0
Short Blades   | 2 3 5 8 9 10 | 10.0
Throwing       | 2 3 5 6 |  6.0
Dodging        | 5 6 8 |  8.3
Spellcasting   | 2 3 5 6 8 9 |  9.2
Evocations     | 7 |  7.6
Maces & Flails | 7 10 | 10.6
Air Magic      | 1 5 8 10 | 10.0
Conjurations   | 7 8 |  8.0
Armour         | 5 8 9 |  9.0
Hexes          | 4 |  4.2

Action                   |  1- 3 |  4- 6 |  7- 9 | 10-12 | 13-15 | 16-18 || total
-------------------------+-------+-------+-------+-------+-------+-------++-------
Melee: Mace              |   110 |       |       |       |       |       ||   110
       Dagger            |    10 |   393 |    62 |       |       |       ||   465
       Flail             |       |       |   276 |   691 |  2158 |  2276 ||  5401
Throw: Dart              |       |    24 |    15 |    54 |     2 |   152 ||   247
       Throwing net      |       |       |       |       |     3 |       ||     3
 Cast: Static Discharge  |       |       |       |       |    12 |     1 ||    13
       Silence           |       |       |       |       |       |     4 ||     4
       Stone Arrow       |       |       |       |       |       |     1 ||     1
Evoke: Wand              |       |       |     4 |     7 |     6 |    35 ||    52
       Condenser vane    |       |       |       |       |     3 |     6 ||     9
       Box of beasts     |       |       |       |       |     1 |     4 ||     5
       Lightning rod     |       |       |       |       |       |     7 ||     7
       Phial of floods   |       |       |       |       |       |     1 ||     1
       Phantom mirror    |       |       |       |       |       |     1 ||     1
  Use: Scroll            |       |     8 |     7 |     3 |     7 |    14 ||    39
       Potion            |       |     6 |     1 |     2 |     4 |    13 ||    26
 Stab: Sleeping          |     3 |       |     8 |     9 |    18 |     5 ||    43
       Distracted        |       |       |     2 |     1 |     5 |     4 ||    12
       Held in net/web   |       |       |       |       |     2 |       ||     2
       Paralysed         |       |       |       |       |       |     4 ||     4
       Petrified         |       |       |       |       |       |     1 ||     1
       Invisible         |       |       |       |       |       |     3 ||     3
       Confused          |       |       |       |       |       |     2 ||     2
Armor: Leather armour    |    24 |    78 |    72 |       |       |       ||   174
       Steam dragon scal |       |       |    13 |    76 |       |       ||    89
       Troll leather arm |       |       |       |    60 |   293 |       ||   353
       Fire dragon scale |       |       |       |    11 |   478 |   726 ||  1215
Dodge: Dodged            |    63 |   195 |   192 |   363 |  1272 |  1059 ||  3144
Block: Buckler           |    50 |   248 |   240 |   390 |  1062 |       ||  1990
       Reflection        |     3 |     7 |    16 |     9 |   105 |    36 ||   176
       Other             |       |       |     1 |       |       |       ||     1
       Kite shield       |       |       |       |       |   717 |  2578 ||  3295

Table legend: (Time is in decaauts)
 A = Elapsed time spent in this place.
 B = Non-inter-level travel time spent in this place.
 C = Inter-level travel time spent in this place.
 D = Time resting spent in this place.
 E = Time spent auto-exploring this place.
 F = Levels seen in this place.
 G = Mean time per level.
                   A        B        C        D        E       F      G
               +--------+--------+--------+--------+--------+-----+--------+
         Total |  71660 |  68130 |   3530 |  18232 |  34591 |  35 | 2047.4 |
       Dungeon |  31202 |  29140 |   2062 |   5902 |  17173 |  15 | 2080.1 |
          Lair |  10836 |  10014 |    822 |   2010 |   5093 |   6 | 1806.0 |
        Shoals |  18030 |  17664 |    366 |   7198 |   6894 |   4 | 4507.5 |
   Spider Nest |   4389 |   4328 |     61 |    394 |   2832 |   3 | 1463.0 |
  Orcish Mines |   4245 |   4056 |    189 |   1821 |   1575 |   2 | 2122.5 |
        Vaults |    890 |    862 |     28 |    325 |    243 |   1 |  890.0 |
         Abyss |    142 |    142 |      0 |      0 |    107 |   1 |  142.0 |
        Bailey |    859 |    859 |      0 |    121 |    452 |   1 |  859.0 |
        Wizlab |     29 |     29 |      0 |     18 |      0 |   1 |   29.0 |
      Gauntlet |   1033 |   1033 |      0 |    439 |    222 |   1 | 1033.0 |
               +--------+--------+--------+--------+--------+-----+--------+

Top non-repeatable levels by time:
Shoals:4: 5908 daAuts
Shoals:2: 5740 daAuts
    D:14: 5396 daAuts
Shoals:3: 5239 daAuts
    D:10: 3848 daAuts
    D:13: 3100 daAuts
   Orc:1: 3018 daAuts
Spider:1: 2750 daAuts
  Lair:6: 2391 daAuts
  Lair:4: 2368 daAuts
     D:3: 2318 daAuts
    D:12: 2265 daAuts
     D:9: 1826 daAuts
     D:4: 1776 daAuts
  Lair:2: 1657 daAuts
